 Dungeon Crawl Stone Soup version 0.20-a0-689-g860b9ab (webtiles) character file.

12391 kae the Cleaver (level 11, -2/101 HPs)
             Began as a Minotaur Fighter on Feb 19, 2017.
             Was a High Priest of Okawaru.
             Slain by a three-headed hydra (8 damage)
             ... on level 2 of the Lair of Beasts.
             The game lasted 00:11:18 (10590 turns).

kae the Cleaver (Minotaur Fighter)                 Turns: 10590, Time: 00:11:19

Health: -2/101     AC: 13    Str: 24    XL:     11   Next: 61%
Magic:  14/15      EV: 13    Int: 11    God:    Okawaru [*****.]
Gold:   1249       SH:  0    Dex: 10    Spells: 10/10 levels left

rFire    . . .     SeeInvis .   b - +1 scimitar (flame)
rCold    . . .     Gourm    .   L - +3 ring mail {rN+}
rNeg     + . .     Faith    .   (no shield)
rPois    .         Spirit   .   (helmet restricted)
rElec    +         Reflect  .   y - +0 cloak {+Inv}
rCorr    +         Harm     +   (no gloves)
MR       ++...     Rnd*Tele +   (no boots)
Stlth    ++........             e - amulet of harm
Regen    0.3/turn               r - ring of Impatience {*Tele rElec MR+ Int+4}
MPRegen  0.2/turn               p - ring of resist corrosion

@: heroism
A: retaliatory headbutt, horns 2, magic resistance 1, strong 1
a: Heroism, Finesse, Renounce Religion, Evoke Invisibility


You were on level 2 of the Lair of Beasts.
You worshipped Okawaru.
Okawaru was extremely pleased with you.
You were not hungry.

You visited 3 branches of the dungeon, and saw 12 of its levels.
You also visited: Sewer and Bailey.

You collected 1249 gold pieces.

Inventory:

Hand Weapons
 a - a +0 battleaxe
 b - a +1 scimitar of flaming (weapon)
Armour
 y - a +0 cloak of invisibility (worn)
 L - a +3 ring mail of positive energy (worn)
Jewellery
 e - an amulet of harm (around neck)
 p - a ring of resist corrosion (left hand)
 r - the ring of Impatience (right hand) {*Tele rElec MR+ Int+4}
   (You found it on level 8 of the Dungeon)

   [ring of teleportation]

   It may teleport you next to monsters.
   It affects your intelligence (+4).
   It insulates you from electricity.
   It affects your resistance to hostile enchantments.
 C - a +2 ring of dexterity
 F - an uncursed ring of protection from cold
Wands
 d - a wand of paralysis (0/24)
 z - a wand of random effects (20/48)
 A - a wand of disintegration (20/24)
 J - a wand of confusion (31/48)
Scrolls
 c - a scroll of recharging
 h - 3 scrolls of fear
 m - a scroll of remove curse
 o - 3 scrolls of identify
 q - a scroll of blinking
 s - a scroll of enchant armour
 v - 2 scrolls of enchant weapon
 x - 2 scrolls of teleportation
 I - a scroll of noise
Potions
 g - 4 potions of heal wounds
 i - a potion of brilliance
 j - 4 potions of mutation
 k - 2 potions of magic
 t - 3 potions of curing
 u - 4 potions of degeneration
 w - a potion of flight
Books
 E - a book of Debilitation

   Spells                             Type                      Level
   a - Corona                         Hexes                        1
   b - Slow                           Hexes                        2
   c - Gell's Gravitas                Hexes/Translocation          3
   d - Inner Flame                    Hexes/Fire                   3
   e - Cause Fear                     Hexes                        4
   f - Leda's Liquefaction            Hexes/Earth                  4
Comestibles
 f - 9 bread rations
 l - 2 meat rations
 n - a royal jelly
 B - a fruit
 D - 3 chunks of flesh


   Skills:
 + Level 10.7(15.7) Fighting
 * Level 14.1(19.1) Axes
 + Level 10.8(15.8) Armour
   Level 3.6(8.6) Shields
 + Level 7.5 Invocations


You had 10 spell levels left.
You didn't know any spells.

Dungeon Overview and Level Annotations

Branches:
Dungeon (9/15)             Temple (1/1) D:4            Lair (2/6) D:8
  Swamp (0/4) Lair:2
  Snake: Lair:2-4    Spider: Lair:2-4       Orc: D:9-12

Altars:
Ashenzari
Cheibriados
Dithmenos
Elyvilon
Fedhas
Gozag
Hepliaklqana
Kikubaaqudgha
Makhleb
Nemelex Xobeh
Okawaru
Qazlal
Ru
Sif Muna
Trog
Uskayaw
Vehumet
Xom
Yredelemnul
Zin
The Shining One


Innate Abilities, Weirdness & Mutations

You reflexively headbutt those who attack you in melee.
You have a pair of horns on your head.
You are resistant to hostile enchantments. (MR+)
Your muscles are strong. (Str +2)


Message History

* * * LOW HITPOINT WARNING * * *
You chop one of the five-headed hydra's heads off!
The flame cauterises the wound!
You hit the four-headed hydra. You burn the four-headed hydra.
You headbutt the four-headed hydra!
The four-headed hydra is heavily wounded.
The four-headed hydra bites you.
* * * LOW HITPOINT WARNING * * *
The four-headed hydra bites you but does no damage.
The four-headed hydra bites you.
* * * LOW HITPOINT WARNING * * *
The four-headed hydra bites you!
* * * LOW HITPOINT WARNING * * *
You hack one of the four-headed hydra's heads off!
The flame cauterises the wound!
You slash the three-headed hydra! You burn the three-headed hydra!
The three-headed hydra is severely wounded.
The three-headed hydra barely misses you.
You furiously retaliate!
You headbutt the three-headed hydra! The three-headed hydra bites you!
You die...

....#.......###.# #.#.
..........#..#..## ##..
.#.+...#.........# #.##
...#......#.....## ####
.#........#.....# #
.#...#....#.....# #
................## #
....).##..#..##D.#
.#...........P##@##
...#.#.#.....##††.#
..............#...# #
##(...........##..############ ##
#.............#.....##.....)###.
###..........##.................
###...<.....##........P#.#..####.
#.####................###.### ##
...P...#..................##


You could see a three-headed hydra.

Vanquished Creatures
  2 hydras
  Erica (D:9)
  2 two-headed ogres
  An orc knight (Bailey)
  Pikel (D:7)
  2 black mambas (Lair:1)
  5 spiny frogs
  A rime drake (Lair:2)
  Grinder (D:4)
  A hippogriff (Lair:2)
  A spriggan (D:8)
  A wyvern (D:8)
  A basilisk (Lair:2)
  Menkaure (D:4)
  A steam dragon (D:9)
  7 water moccasins
  A porcupine (Lair:2)
  Duvessa (D:6)
  5 orc warriors
  An ice beast (D:9)
  4 slaves (D:7)
  A phantom (D:5)
  2 sky beasts
  A black bear (D:8)
  2 ogres (D:6)
  A centaur (D:5)
  3 crocodiles
  11 bullfrogs
  Dowan (D:6)
  A water moccasin skeleton (D:8)
  3 killer bees (D:7)
  3 wights (D:7)
  4 howler monkeys
  6 crimson imps
  A quasit (D:9)
  2 jellies
  3 hounds
  2 orc priests
  Crazy Yiuf (D:6)
  Ijyb (D:3)
  2 iguanas
  4 orc wizards
  11 worker ants
  A hound zombie (D:8)
  A hound skeleton (D:4)
  A worker ant zombie (D:5)
  12 adders
  7 gnolls
  3 river rats (D:3)
  An adder zombie (D:9)
  2 adder skeletons
  4 worms
  5 dart slugs
  4 leopard geckos
  36 orcs
  2 ball pythons
  17 bats
  2 giant cockroaches
  9 hobgoblins
  8 jackals
  17 kobolds
  3 quokkas
  4 frilled lizards
  A giant cockroach zombie (D:6)
  2 gnoll zombies (D:3)
  15 goblins
  A quokka zombie (D:6)
  7 rats
  A fungus (D:6)
  A plant (Lair:1)
274 creatures vanquished.

Vanquished Creatures (others)
  An adder (D:4)
  A fungus (Lair:2)
  2 plants (Lair:2)
4 creatures vanquished.

Grand Total: 278 creatures vanquished

Notes
Turn   | Place    | Note
-------+----------+-------------------------------------------
     0 | D:1      | kae the Minotaur Fighter began the quest for the Orb.
     0 | D:1      | Reached XP level 1. HP: 19/19 MP: 0/0
   153 | D:1      | Reached XP level 2. HP: 27/27 MP: 1/1
   220 | D:1      | Reached skill level 3 in Axes
   527 | D:1      | Reached XP level 3. HP: 19/33 MP: 2/2
   913 | D:2      | Found a white marble altar of Elyvilon.
  1212 | D:2      | Reached XP level 4. HP: 38/40 MP: 3/3
  1217 | D:2      | Reached skill level 4 in Axes
  1313 | D:2      | Found a deep blue altar of Sif Muna.
  1813 | D:3      | Reached XP level 5. HP: 43/47 MP: 4/4
  1822 | D:3      | Reached skill level 5 in Armour
  1928 | D:3      | Found a faded altar of an unknown god.
  1959 | D:3      | Found a glowing drain.
  1976 | D:3      | Reached skill level 5 in Axes
  1983 | D:3      | Reached skill level 5 in Fighting
  2114 | Sewer    | Entered a sewer
  2212 | Sewer    | Noticed a crocodile
  2218 | Sewer    | Killed a crocodile
  2218 | Sewer    | Reached XP level 6. HP: 56/56 MP: 5/5
  2359 | D:3      | Noticed Ijyb
  2364 | D:3      | Killed Ijyb
  2432 | D:3      | Found a basalt altar of Yredelemnul.
  2809 | D:4      | Gained mutation: Your muscles are strong. (Str +2) [potion of mutation]
  2809 | D:4      | Gained mutation: You are resistant to hostile enchantments. (MR+) [potion of mutation]
  2814 | D:4      | Reached skill level 6 in Axes
  3075 | D:4      | Found a staircase to the Ecumenical Temple.
  3135 | Temple   | Entered the Ecumenical Temple
  3214 | Temple   | Became a worshipper of Warmaster Okawaru
  3279 | D:4      | Found a radiant altar of Vehumet.
  3318 | D:4      | Found an iron altar of Okawaru.
  3319 | D:4      | Noticed Menkaure
  3376 | D:4      | Killed Menkaure
  3376 | D:4      | Reached XP level 7. HP: 62/62 MP: 6/6
  3455 | D:4      | Noticed Grinder
  3470 | D:4      | Killed Grinder
  3470 | D:4      | Reached skill level 7 in Axes
  3470 | D:4      | Reached skill level 1 in Invocations
  3887 | D:4      | Reached * piety under Okawaru
  4219 | D:5      | Entered Level 5 of the Dungeon
  4474 | D:5      | Reached XP level 8. HP: 71/71 MP: 8/8
  4573 | D:5      | Reached skill level 8 in Axes
  4794 | D:6      | Reached ** piety under Okawaru
  4921 | D:6      | Reached skill level 9 in Axes
  4968 | D:6      | Noticed Duvessa
  4972 | D:6      | Noticed Dowan
  4974 | D:6      | Killed Duvessa
  4983 | D:6      | Reached XP level 9. HP: 64/79 MP: 8/10
  4986 | D:6      | Killed Dowan
  5423 | D:6      | Found a snail-covered altar of Cheibriados.
  5604 | D:6      | Found a runed door.
  5608 | D:6      | Noticed Crazy Yiuf
  5612 | D:6      | Killed Crazy Yiuf
  5678 | D:7      | Reached *** piety under Okawaru
  5763 | D:7      | Noticed Pikel
  5778 | D:7      | Killed Pikel
  5778 | D:7      | Reached skill level 10 in Axes
  5816 | D:7      | Found a glowing golden altar of the Shining One.
  6221 | D:7      | Found a stormy altar of Qazlal.
  6833 | D:8      | Reached **** piety under Okawaru
  6839 | D:8      | Found a snail-covered altar of Cheibriados.
  6840 | D:8      | Found a burning altar of Makhleb.
  6885 | D:8      | Reached skill level 5 in Invocations
  6910 | D:8      | Found a basalt altar of Yredelemnul.
  6940 | D:8      | Got a crude pewter ring
  6985 | D:8      | Reached skill level 11 in Axes
  7027 | D:8      | Noticed a two-headed ogre
  7040 | D:8      | Killed a two-headed ogre
  7040 | D:8      | Reached XP level 10. HP: 37/90 MP: 9/13
  7429 | D:8      | Found a sparkling altar of Nemelex Xobeh.
  7523 | D:8      | Found a staircase to the Lair.
  7648 | D:9      | Noticed Erica
  7656 | D:9      | Killed Erica
  7656 | D:9      | Reached ***** piety under Okawaru
  7656 | D:9      | Reached skill level 12 in Axes
  7726 | D:9      | Received a gift from Okawaru
  7745 | D:9      | Identified the ring of Impatience {*Tele rElec MR+ Int+4} (You found it on level 8 of the Dungeon)
  7919 | D:9      | Noticed a two-headed ogre
  7924 | D:9      | Killed a two-headed ogre
  7948 | D:9      | Found a flagged portal.
  7960 | Bailey   | Entered a bailey
  8003 | Bailey   | Found a burning altar of Makhleb.
  8003 | Bailey   | Noticed an orc knight
  8018 | Bailey   | Killed an orc knight
  8018 | Bailey   | Reached skill level 10 in Armour
  8682 | Lair:1   | Entered Level 1 of the Lair of Beasts
  8719 | Lair:1   | Noticed a spiny frog
  8719 | Lair:1   | Reached skill level 13 in Axes
  8722 | Lair:1   | Reached XP level 11. HP: 92/99 MP: 14/14
  8831 | Lair:1   | Reached skill level 10 in Fighting
  9508 | Lair:1   | Noticed a four-headed hydra
  9514 | Lair:1   | Killed a one-headed hydra
 10230 | Lair:2   | Found a staircase to the Swamp.
 10549 | Lair:2   | Noticed a five-headed hydra
 10556 | Lair:2   | Killed a four-headed hydra
 10556 | Lair:2   | Received a gift from Okawaru
 10556 | Lair:2   | Reached skill level 14 in Axes
 10581 | Lair:2   | Noticed a six-headed hydra
 10590 | Lair:2   | Slain by a three-headed hydra

Vault maps used:
D:1:      dpeg_arrival_refuge
D:2:      nicolae_overflow_crystal_walls, elyvilon_altar_5
D:3:      lemuel_zombie_altar_yredelemnul, chequers_ecumenical_altar_simple,
          portal_sewer_entry_c, first_bread, uniq_iyjb
D:4:      fiery_altar_vehumet, minmay_temple_entry_poolview, okawaru_gym_becter,
          uniq_grinder, uniq_menkaure
D:6:      cheibriados_altar_1, uniq_duvessa, uniq_crazy_yiuf_cottage
D:7:      lemuel_crystal_altar, tso_metal_star, uniq_pikel
D:8:      nemelex_xobeh_ov_fountains_minmay, gammafunk_temple_overflow_pools,
          grunt_lair_entry_orc_guard_hut, the_bakery, yredelemnul_altar_generic
D:9:      enter_bailey_3, uniq_erica
Temple:   nicolae_temple_hex_pool
Lair:1:   beast_lair_carwin_11
Lair:2:   swamp_mist, minivault_11, minmay_holes
Sewer:    sewer_big_baddie
Bailey:   bailey_axe_3, bailey

Skill      XL: |  1  2  3  4  5  6  7  8  9 10 11 |
---------------+----------------------------------+-----
Axes           | 3 4 5 6 7 9 11 13 14 | 14.1
Armour         | 4 5 6 7 9 10 | 10.8
Fighting       | 4 5 6 7 8 9 10 | 10.7
Invocations    | 2 3 5 6 7 |  7.5
Shields        | |  3.6

Action                   |  1- 3 |  4- 6 |  7- 9 | 10-12 || total
-------------------------+-------+-------+-------+-------++-------
Melee: War axe           |   106 |   126 |   254 |    21 ||   507
       Headbutt          |    16 |    21 |    37 |    37 ||   111
       Battleaxe         |       |       |       |   149 ||   149
       Scimitar          |       |       |       |    14 ||    14
Invok: Heroism           |       |       |     3 |    13 ||    16
Evoke: Wand              |       |       |       |     4 ||     4
  Use: Scroll            |       |     9 |     5 |     3 ||    17
       Potion            |       |     6 |       |     2 ||     8
  Eat: Chunk             |     1 |     6 |    13 |     7 ||    27
       Fruit             |       |       |       |     2 ||     2
       Royal jelly       |       |       |       |     1 ||     1
Armor: Scale mail        |    30 |    55 |    99 |    15 ||   199
       Skin              |       |     1 |       |       ||     1
       Ring mail         |       |       |       |   103 ||   103
Dodge: Dodged            |    41 |    52 |    68 |   160 ||   321
Block: Shield            |    55 |    79 |   105 |     6 ||   245
       Rpst.: Scimitar   |       |       |       |     3 ||     3
